 Dungeon Sprint DCSS version 0.28-a0-1412-gf95308ed99 (webtiles) character file.

Game seed: 10474895810647821292

19556 mhtbhm the Executioner (level 12, -4/136 HPs)
             Began as a Minotaur Berserker on Jan 7, 2022.
             Was the Champion of Trog.
             Slain by a catoblepas (5 damage)
             ... while petrified by a catoblepas
             ... in the Dungeon (Sprint VII: "The Pits").
             The game lasted 00:06:52 (3713 turns).

mhtbhm the Executioner (Minotaur Berserker)         Turns: 3713, Time: 00:06:53

Health: -4/136     AC: 19    Str: 27    XL:     12   Next: 37%
Magic:  11/11      EV:  2    Int:  4    God:    Trog [******]
Gold:   19         SH:  0    Dex: 10    Spells: 11/11 levels left

rFire   . . .      SeeInvis .   a - +5 broad axe (vorpal)
rCold   + . .      Faith    .   (no shield)
rNeg    + + +      Spirit   .   b - +2 chain mail {rC+}
rPois   ∞          Reflect  .   (helmet restricted)
rElec   .          Harm     .   (no cloak)
rCorr   .          Rampage  .   (no gloves)
Will    .....      NoTele   +   (no boots)
Stlth   ..........              (no amulet)
HPRegen 0.32/turn               l - +3 ring of evasion
MPRegen 0.12/turn               n - +3 ring of protection

@: petrified, on berserk cooldown, slowed
A: horns 2, retaliatory headbutt
a: Renounce Religion, Berserk, Trog's Hand, Brothers in Arms


You were in the Dungeon.
You worshipped Trog.
Trog was exalted by your worship.
You visited 1 branch You collected 19 gold pieces.

Inventory:

Hand Weapons
 a - a +5 vorpal broad axe (weapon)
 h - a +5 antimagic executioner's axe
Missiles
 p - a curare-tipped dart
 r - 6 javelins (quivered)
Armour
 b - a +2 chain mail of cold resistance (worn)
Jewellery
 l - a +3 ring of evasion (left hand)
 n - a +3 ring of protection (right hand)
 x - a ring of fire
 y - the ring "Anas" {rF+ Str-4 Int+4 Dex+2}
   (You found it in the Dungeon)

   [ring of protection from fire]

   Str:       It affects your strength (-4).
   Int:       It affects your intelligence (+4).
   Dex:       It affects your dexterity (+2).
   rF:        It protects you from fire.
 A - a ring of positive energy
Wands
 k - a wand of digging (4)
 B - a wand of polymorph (7)
Scrolls
 j - a scroll of summoning
 s - 2 scrolls of blinking
 t - 5 scrolls of enchant weapon
 u - a scroll of identify
 v - 2 scrolls of fear
Potions
 c - 5 potions of curing
 d - 9 potions of heal wounds
 e - a potion of haste
 f - 4 potions of magic
 g - 4 potions of berserk rage
 i - 2 potions of invisibility
 m - 7 potions of resistance
 o - 2 potions of might
 q - a potion of flight {unknown}
 w - 3 potions of mutation
 z - a potion of attraction


   Skills:
 + Level 21.3 Fighting
 + Level 21.6 Axes
 + Level 18.9 Armour
 + Level 12.0 Dodging
 + Level 4.7 Stealth


You had 11 spell levels left.
You didn't know any spells.
Your spell library was empty.

Dungeon Overview and Level Annotations

Branches:
Dungeon (1/1)

Altars:
Cheibriados
Dithmenos
Elyvilon
Fedhas
Gozag
Hepliaklqana
Makhleb
Nemelex Xobeh
Okawaru
Qazlal
Ru
Sif Muna
Trog
Wu Jian
Xom
Yredelemnul
Zin
The Shining One
Jiyva


Innate Abilities, Weirdness & Mutations

You have a pair of horns on your head.
You reflexively headbutt those who attack you in melee.


Message History

You headbutt the catoblepas! You slice the catoblepas!!
You headbutt the catoblepas.
The catoblepas is heavily wounded.
The catoblepas breathes a plume of calcifying dust at you.
The blast of calcifying dust hits you but does no damage.
Your stone giant is engulfed in calcifying dust.
Your stone giant stops moving altogether!
You hit the catoblepas.
The catoblepas is heavily wounded.
You are engulfed in calcifying dust.
You are slowing down.
The catoblepas gores you but does no damage.
Unknown command.
Unknown command.
Your stone giant disappears in a puff of smoke!
The catoblepas gores you but does no damage.
The catoblepas breathes a plume of calcifying dust at you.
The blast of calcifying dust hits you but does no damage.
The eye of devastation gazes at you. The bolt of energy hits you!
The catoblepas gores you.
You have turned to stone.
You are engulfed in calcifying dust.
The catoblepas gores you.
You are engulfed in calcifying dust.
The eye of devastation gazes at you. The bolt of energy hits you!!!
* * * LOW HITPOINT WARNING * * *
The catoblepas gores you but does no damage.
You are engulfed in calcifying dust.
The catoblepas gores you!!
* * * LOW HITPOINT WARNING * * *
You are engulfed in calcifying dust.
The eye of devastation gazes at you. The bolt of energy hits you!!
* * * LOW HITPOINT WARNING * * *
The catoblepas gores you but does no damage.
You are engulfed in calcifying dust.
The catoblepas gores you!
* * * LOW HITPOINT WARNING * * *
The catoblepas breathes a plume of calcifying dust at you.
The blast of calcifying dust hits you but does no damage.
You are engulfed in calcifying dust.
The catoblepas gores you!
You die...

+..#....#..# +..........#
#..........#
#############..#....#..#
.......)..)''..........#
...........')..........#
+########..##..#..§.#..#
#..##....§.....+ #..##...@......+
#..####YG####++#
#..####''####++##########
#..##.)....##.....[......
#########..##.#)##.##.....)......
...........##.#.) .##..##########
...........## '.[# ##..#
''########## .#)}' #..#
''###########.+)}#. #..#


You could see a catoblepas and an eye of devastation.

Vanquished Creatures
  A merfolk avatar (D)
  A merfolk aquamancer (D)
  Urug (D)
  A hell knight (D)
  A phantasmal warrior (D)
  A large abomination (D)
  A sea snake (D)
  2 deep elf zephyrmancers (D)
  A manticore (D)
  2 black mambas (D)
  A smoke demon (D)
  An orange demon (D)
  2 gargoyles (D)
  A kobold demonologist (D)
  A freezing wraith (D)
  A rime drake (D)
  An ice devil (D)
  2 hellwings (D)
  A guardian mummy (D)
  A troll (D)
  A merfolk (D)
  A tarantella (D)
  6 blink frogs (D)
  A snapping turtle (D)
  A jumping spider (D)
  A shadow (D)
  3 water elementals (D)
  6 yaks (D)
  A fire bat (D)
  7 vampire mosquitoes (D)
  2 redbacks (D)
  A floating eye (D)
  A swamp drake (D)
  A sky beast (D)
  A black bear (D)
  An orc warrior (D)
  An ogre (D)
  A kobold brigand (D)
  A bullfrog (D)
  A gnoll sergeant (D)
  A scorpion (D)
  3 wights (D)
  2 quasits (D)
  A hound (D)
  An orc priest (D)
  A gnoll shaman (D)
  5 gnolls (D)
  2 worms (D)
  6 orcs (D)
  A bat zombie (D)
  2 endoplasms (D)
  A goblin (D)
  2 hobgoblins (D)
  6 jackals (D)
  A ball python skeleton (D)
  2 bats (D)
  A quokka skeleton (D)
101 creatures vanquished.

Vanquished Creatures (collateral kills)
  A deep elf blademaster (D)
  A nagaraja (D)
  An alligator snapping turtle (D)
  3 hell knights (D)
  A freezing wraith (D)
  A wandering mushroom (D)
  3 blink frogs (D)
11 creatures vanquished.

Vanquished Creatures (others)
  A gnoll (D)
1 creature vanquished.

Grand Total: 113 creatures vanquished

Notes
Turn   | Place    | Note
-------+----------+-------------------------------------------
     0 | D        | mhtbhm the Minotaur Berserker began the quest for the Orb.
     0 | D        | Reached XP level 1. HP: 19/19 MP: 0/0
    20 | D        | Found a bloodstained altar of Trog.
    20 | D        | Found a shimmering blue altar of Sif Muna.
    20 | D        | Found a viscous altar of Jiyva.
    20 | D        | Found a hazy altar of Hepliaklqana.
    20 | D        | Found an opulent altar of Gozag.
    21 | D        | Found a glowing golden altar of the Shining One.
    21 | D        | Found a glowing silver altar of Zin.
    21 | D        | Found a basalt altar of Yredelemnul.
    21 | D        | Found a shimmering altar of Xom.
    21 | D        | Found an ornate altar of the Wu Jian Council.
    21 | D        | Found a sacrificial altar of Ru.
    21 | D        | Found a stormy altar of Qazlal.
    21 | D        | Found an iron altar of Okawaru.
    21 | D        | Found a sparkling altar of Nemelex Xobeh.
    21 | D        | Found a burning altar of Makhleb.
    21 | D        | Found a blossoming altar of Fedhas.
    21 | D        | Found a white marble altar of Elyvilon.
    21 | D        | Found a shadowy altar of Dithmenos.
    21 | D        | Found a snail-covered altar of Cheibriados.
    62 | D        | Reached ** piety under Trog
    77 | D        | Reached *** piety under Trog
    78 | D        | Reached XP level 2. HP: 17/28 MP: 1/1
    80 | D        | Reached skill level 5 in Axes
   227 | D        | Noticed a floating eye
   230 | D        | Reached skill level 5 in Fighting
   231 | D        | Reached **** piety under Trog
   233 | D        | Paralysed by a floating eye for 2 turns
   236 | D        | Killed a floating eye
   237 | D        | Reached XP level 3. HP: 40/40 MP: 2/2
   237 | D        | Reached XP level 4. HP: 48/48 MP: 3/3
   312 | D        | Noticed a sky beast
   313 | D        | Noticed a gnoll sergeant
   314 | D        | Noticed an orc warrior
   317 | D        | Reached XP level 5. HP: 56/56 MP: 4/4
   319 | D        | Reached ***** piety under Trog
   325 | D        | Received a gift from Trog
   326 | D        | Killed a sky beast
   327 | D        | Reached skill level 10 in Axes
   327 | D        | Reached skill level 5 in Armour
   327 | D        | Reached skill level 5 in Dodging
   328 | D        | Killed an orc warrior
   329 | D        | Reached skill level 10 in Fighting
   329 | D        | Reached XP level 6. HP: 67/67 MP: 5/5
   446 | D        | Received a gift from Trog
   447 | D        | Reached XP level 7. HP: 52/74 MP: 6/6
   555 | D        | Noticed a manticore
   602 | D        | Killed a manticore
   807 | D        | Noticed a black mamba
   807 | D        | Noticed a redback
   811 | D        | Killed a redback
   812 | D        | Reached XP level 8. HP: 86/86 MP: 7/7
   814 | D        | Killed a black mamba
   814 | D        | Reached ****** piety under Trog
  1022 | D        | Noticed a black mamba
  1027 | D        | Received a gift from Trog
  1028 | D        | Reached skill level 15 in Axes
  1034 | D        | Killed a black mamba
  1342 | D        | Reached skill level 10 in Armour
  1342 | D        | Reached XP level 9. HP: 95/95 MP: 8/8
  1432 | D        | Noticed a guardian mummy
  1432 | D        | Noticed an alligator snapping turtle
  1439 | D        | Received a gift from Trog
  1440 | D        | Reached skill level 1 in Stealth
  1447 | D        | Killed an alligator snapping turtle
  1448 | D        | Reached skill level 15 in Fighting
  1449 | D        | Killed a guardian mummy
  1500 | D        | Noticed a troll
  1501 | D        | Noticed a gargoyle
  1507 | D        | Killed a troll
  1508 | D        | Reached XP level 10. HP: 83/106 MP: 9/9
  1513 | D        | Killed a gargoyle
  1603 | D        | Noticed a large abomination
  1612 | D        | Killed a large abomination
  1619 | D        | Noticed a sun demon
  1638 | D        | Noticed a merfolk avatar
  1658 | D        | Killed a merfolk avatar
  1658 | D        | Received a gift from Trog
  1815 | D        | Noticed a smoke demon
  1824 | D        | Killed a smoke demon
  1825 | D        | Reached skill level 15 in Armour
  1928 | D        | Noticed a merfolk aquamancer
  1928 | D        | Noticed a sea snake
  1939 | D        | Killed a merfolk aquamancer
  1939 | D        | Received a gift from Trog
  1940 | D        | Reached skill level 10 in Dodging
  1943 | D        | Killed a sea snake
  1944 | D        | Reached XP level 11. HP: 117/117 MP: 10/10
  2173 | D        | Noticed Urug
  2178 | D        | Received a gift from Trog
  2185 | D        | Killed Urug
  2365 | D        | Noticed a deep elf zephyrmancer
  2371 | D        | Killed a deep elf zephyrmancer
  2619 | D        | Noticed a nagaraja
  2626 | D        | Received a gift from Trog
  2650 | D        | Killed a nagaraja
  2881 | D        | Received a gift from Trog
  2959 | D        | Noticed a phantasmal warrior
  2963 | D        | Received a gift from Trog
  2969 | D        | Killed a phantasmal warrior
  3068 | D        | Noticed a deep elf zephyrmancer
  3079 | D        | Received a gift from Trog
  3093 | D        | Reached XP level 12. HP: 115/133 MP: 11/11
  3115 | D        | Received a gift from Trog
  3540 | D        | Got the ring "Anas" {rF+ Str-4 Int+4 Dex+2}
  3662 | D        | Noticed a catoblepas
  3662 | D        | Noticed a deep elf blademaster
  3670 | D        | Killed a deep elf blademaster
  3683 | D        | Received a gift from Trog
  3711 | D        | HP: 1/136 [catoblepas (7)]
  3713 | D        | Slain by a catoblepas

Illustrated notes

Levels and vault maps discovered:
D:        pitsprint [storerooms_1, entrance_room_1, metal_vault_3, armoury_3,
          mini_pit_1, grid_room_1, main_hall_1, silver_pit, the_coven_1,
          the_vestibule_1, steel_vault_4, golden_pit, hallway_of_sentries,
          crystal_vault_2, iron_vault_1, final_vault]

Skill      XL: |  1  2  3  4  5  6  7  8  9 10 11 12 |
---------------+-------------------------------------+-----
Fighting       | 4 7 8 10 11 13 14 15 17 20 21 | 21.3
Axes           | 4 8 11 12 14 15 17 18 20 21 | 21.6
Armour         | 4 5 6 7 10 13 16 18 | 18.9
Dodging        | 4 5 7 8 9 10 11 12 | 12.0
Stealth        | 1 2 3 4 |  4.7

Action                   |  1- 3 |  4- 6 |  7- 9 | 10-12 || total
-------------------------+-------+-------+-------+-------++-------
Melee: Hand axe          |    25 |    38 |    31 |       ||    94
       Headbutt          |     2 |     4 |    10 |    40 ||    56
       Punch             |     1 |       |     4 |     2 ||     7
       War axe           |       |       |    41 |    34 ||    75
       Broad axe         |       |       |       |   148 ||   148
Invok: Berserk           |       |     1 |     2 |     3 ||     6
       Brothers in Arms  |       |       |     1 |     3 ||     4
       Trog's Hand       |       |       |       |     1 ||     1
  Use: Potion            |       |       |       |     7 ||     7
       Scroll            |       |       |       |     2 ||     2
 Stab: Distracted        |       |       |       |     1 ||     1
       Confused          |       |       |       |     2 ||     2
Armor: Animal skin       |     2 |       |       |       ||     2
       Chain mail        |       |    31 |    13 |    49 ||    93
       Scale mail        |       |       |    14 |    25 ||    39
Dodge: Dodged            |    13 |    22 |    44 |   116 ||   195

Table legend: (Time is in decaauts)
 A = Elapsed time spent in this place.
 B = Non-inter-level travel time spent in this place.
 C = Inter-level travel time spent in this place.
 D = Time resting spent in this place.
 E = Time spent auto-exploring this place.
 F = Levels seen in this place.
 G = Mean time per level.
                   A        B        C        D        E       F      G
               +--------+--------+--------+--------+--------+-----+--------+
         Total |   3668 |   3668 |      0 |   2184 |    341 |   1 | 3668.0 |
       Dungeon |   3668 |   3668 |      0 |   2184 |    341 |   1 | 3668.0 |
               +--------+--------+--------+--------+--------+-----+--------+

Top non-repeatable levels by time:
       D: 3668 daAuts
